 Dungeon Crawl Stone Soup version 0.23.2-1-ga50397a (webtiles) character file.

Game seed: 13113680602105327405

59836 funkygono the Peltast (level 14, -1/127 HPs)
             Began as a Minotaur Fighter on May 19, 2019.
             Was an Elder of Okawaru.
             Slain by a sun demon (13 damage)
             ... summoned by an orc high priest
             ... on level 2 of the Orcish Mines.
             The game lasted 01:00:37 (16579 turns).

funkygono the Peltast (Minotaur Fighter)           Turns: 16579, Time: 01:00:39

Health: -1/127     AC: 42    Str: 37    XL:     14   Next: 54%
Magic:  19/19      EV: 12    Int: 15    God:    Okawaru [****..]
Gold:   1938       SH: 33    Dex: 10    Spells: 13/13 levels left

rFire    + . .     SeeInvis .   a - +2 flail
rCold    + + .     Gourm    .   b - +2 large shield
rNeg     . . .     Faith    .   D - +15 Maxwell's patent armour {-Cast -Tele rElec MR+ rCorr}
rPois    +         Spirit   .   A - +1 hat of Oseirano {Str+4}
rElec    +         Reflect  +   S - +1 cloak
rCorr    +         Harm     .   I - +1 pair of gloves
MR       ++...     NoTele   +   F - +2 pair of boots {Stlth+} Stlth ..........NoCast +
                                N - +4 amulet of reflection
HPRegen  0.31/turn              h - ring of Zakhuan {Wiz Str+4 Int+10 Dex-2}
MPRegen  0.16/turn              T - ring of protection from cold

@: mighty, resistant, heroism
A: retaliatory headbutt, horns 2
a: Heroism, Renounce Religion


You were on level 2 of the Orcish Mines.
You worshipped Okawaru.
Okawaru was greatly pleased with you.
You were not hungry.

You visited 4 branches of the dungeon, and saw 18 of its levels.
You also visited: Ice Cave.

You collected 1938 gold pieces.

Inventory:

Hand Weapons
 a - a +2 flail (weapon)
 c - a +0 hand crossbow
 O - a +2 hunting sling of freezing
Missiles
 e - 154 bolts
Armour
 b - a +2 large shield (worn)
 d - a +0 crystal plate armour
 n - a +3 chain mail of cold resistance
 A - the +1 hat of Oseirano (worn) {Str+4}
   (Okawaru gifted it to you in an ice cave)

   It affects your strength (+4).
 D - the +15 Maxwell's patent armour (worn) {-Cast -Tele rElec MR+ rCorr}
   (Okawaru gifted it to you on level 1 of the Lair of Beasts)

   It insulates you from electricity.
   It affects your resistance to hostile enchantments.
   It prevents spellcasting.
   It prevents most forms of teleportation.
   It provides partial protection from all sources of acid and corrosion.
 F - a +2 pair of boots of stealth (worn)
 I - a +1 pair of gloves (worn)
 R - a scarf of cloud immunity
 S - a +1 cloak (worn)
Jewellery
 h - the ring of Zakhuan (left hand) {Wiz Str+4 Int+10 Dex-2}
   (You found it on level 4 of the Lair of Beasts)

   [ring of wizardry]

   It improves your spell success rate.
   It affects your strength (+4).
   It affects your intelligence (+10).
   It affects your dexterity (-2).
 w - a +3 ring of evasion
 G - an uncursed ring of fire
 N - a +4 amulet of reflection (around neck)
 Q - a +3 ring of intelligence
 T - a ring of protection from cold (right hand)
Wands
 p - a wand of acid (15)
 q - a wand of digging (2)
 v - a wand of polymorph (5)
 y - a wand of disintegration (22)
 z - a wand of iceblast (10)
 B - a wand of paralysis (21)
Scrolls
 g - 2 scrolls of amnesia
 j - 5 scrolls of fear
 m - 7 scrolls of teleportation
 s - 5 scrolls of remove curse
 C - 3 scrolls of fog
 J - a scroll of summoning
 L - 3 scrolls of identify
 M - 2 scrolls of blinking
Potions
 i - 8 potions of curing
 l - 3 potions of brilliance
 o - a potion of cancellation
 r - 3 potions of magic
 t - 2 potions of mutation
 u - 5 potions of lignification
 x - a potion of heal wounds
 E - 4 potions of agility
Miscellaneous
 K - a sack of spiders
Comestibles
 f - 26 rations
 k - 9 chunks of flesh


   Skills:
 + Level 12.5(17.5) Fighting
 + Level 14.9(19.9) Maces & Flails
 + Level 10.9(15.9) Armour
 + Level 3.9(8.9) Dodging
 + Level 2.0(7.0) Stealth
 * Level 17.9(22.9) Shields
 + Level 8.0 Invocations
 + Level 0.1 Evocations


You had 13 spell levels left.
You didn't know any spells.
Your spell library contained the following spells:

 Spells                   Type           Power        Failure   Level  Hunger
 Confusing Touch          Hex            #.....       45%         1    ##.....
 Flame Tongue             Conj/Fire      #....        45%         1    ##.....
 Summon Small Mammal      Summ           #...         45%         1    ##.....
 Call Imp                 Summ           #.......     58%         2    ###....
 Poisonous Vapours        Pois/Air       #.....       58%         2    ###....
 Throw Flame              Conj/Fire      #.....       58%         2    ###....
 Call Canine Familiar     Summ           #.......     82%         3    ####...
 Confuse                  Hex            #.......     82%         3    ####...
 Conjure Flame            Conj/Fire      #.......     82%         3    ####...
 Gell's Gravitas          Tloc           #.........   82%         3    ####...
 Inner Flame              Hex/Fire       #.......     82%         3    ####...
 Mephitic Cloud           Conj/Pois/Air  #.......     82%         3    ####...
 Summon Guardian Golem    Hex/Summ       #.......     82%         3    ####...
 Petrify                  Tmut/Erth      #.......     99%         4    #####..
 Sticky Flame             Conj/Fire      #.......     99%         4    #####..
 Summon Ice Beast         Ice/Summ       #.......     99%         4    #####..
 Summon Lightning Spire   Summ/Air       #.......     99%         4    #####..
 Fireball                 Conj/Fire      #.........   100%        5    ######.
 Metabolic Englaciation   Hex/Ice        #.........   100%        5    ######.
 Yara's Violent Unravell  Hex/Tmut       #.........   100%        5    ######.
 Freezing Cloud           Conj/Ice/Air   #.........   100%        6    #######
 Haunt                    Necr/Summ      #.........   100%        7    #######
 Ring of Flames           Chrm/Fire      #.........   100%        7    #######
 Borgnjor's Revivificati  Necr           #.........   100%        8    #######
 Death's Door             Chrm/Necr      #.........   100%        8    #######
 Infestation              Necr           #.........   100%        8    #######
 Necromutation            Tmut/Necr      #.........   100%        8    #######


Dungeon Overview and Level Annotations

Branches:
Dungeon (9/15)             Temple (1/1) D:5            Lair (6/6) D:8
 Shoals (0/4) Lair:3       Spider (0/4) Lair:3        Slime (0/5) Lair:6
    Orc (2/2) D:9
    Elf: Orc:2

Altars:
Ashenzari
Cheibriados
Dithmenos
Elyvilon
Fedhas
Gozag
Hepliaklqana
Kikubaaqudgha
Makhleb
Nemelex Xobeh
Okawaru
Qazlal
Ru
Sif Muna
Trog
Uskayaw
Vehumet
Wu Jian
Xom
Yredelemnul
Zin
The Shining One
Beogh
Jiyva

Shops:
D:4 [

Portals:
Hell: Lair:6

Annotations:
Lair:4 exclusion: ice statue
Lair:5 1 exclusion


Innate Abilities, Weirdness & Mutations

You reflexively headbutt those who attack you in melee.
You have a pair of horns on your head.


Message History

The sun demon misses you. You block the sun demon's attack.
You block the orc high priest's attack.
You bludgeon the sun demon!!
You headbutt the sun demon, but do no damage.
The sun demon is almost dead.
You block the sun demon's attack.
The sun demon hits you but does no damage.
You sock the sun demon!
You kill the sun demon!
The orc high priest invokes the aid of Beogh against you.
You resist with almost no effort.
The sun demon hits you but does no damage.
An orc sorcerer comes into view. It is wielding a +0 dagger.
The orc sorcerer shouts!
You block the smoke demon's attack. x3
The orc high priest invokes the aid of Beogh against you.
Beogh smites you!
* * * LOW HITPOINT WARNING * * *
The sun demon hits you!
You die...

...÷# .....## ...÷...
..o÷...## ..÷.÷.##
.....# #o3.## ## #@3.#
# ..## ##)).# # #.##.#
###))..#
##......#####.....###
#...........)))..##.#
.............)).##...
.............)###.....
..##.........###......
......................


You could see an orc high priest, a sun demon, a smoke demon and an orc
sorcerer.

Vanquished Creatures
  Rupert (Lair:3)
  The ghost of Xate the Slayer, an adept MiMo of Okawaru (Lair:4)
  Kirke (Lair:5)
  A white draconian (IceCv)
  Snorg (Lair:4)
  5 hydras
  2 catoblepae
  An alligator (Lair:4)
  3 orc high priests (Orc:2)
  A sun demon (Lair:6)
  Nergalle (Lair:1)
  A wizard (Lair:6)
  A lindwurm (Lair:6)
  6 orc knights
  An orb spider (Lair:3)
  2 orc sorcerers (Orc:2)
  A manticore (Lair:3)
  3 orange demons (Lair:6)
  An ice statue (IceCv)
  A smoke demon (Lair:6)
  7 spiny frogs
  3 elephants
  3 black mambas
  8 rime drakes
  10 komodo dragons
  3 red devils (Lair:6)
  17 polar bears
  20 blink frogs
  5 hippogriffs
  A wyvern (Lair:4)
  2 hogs (Lair:5)
  38 yaks
  A hungry ghost (D:7)
  4 basilisks
  6 wargs
  3 hell hounds (Lair:6)
  6 porcupines
  16 water moccasins
  2 phantoms
  5 ice beasts
  19 orc warriors
  4 ogres
  A sky beast (D:9)
  41 wolves
  6 necrophages (Lair:3)
  13 crocodiles
  A centaur (D:8)
  5 bullfrogs
  A water moccasin zombie (D:8)
  5 scorpions
  5 killer bees (D:8)
  5 howler monkeys (D:8)
  A bullfrog zombie (D:6)
  A quasit (D:7)
  2 bullfrog skeletons
  5 hounds
  18 orc priests
  2 jellies
  16 orc wizards
  A centaur skeleton (D:6)
  6 worker ants
  2 hound skeletons
  A hound zombie (D:6)
  A howler monkey zombie (D:9)
  2 howler monkey skeletons
  8 adders
  3 gnolls (D:4)
  3 shadow imps
  2 white imps (Lair:4)
  3 adder skeletons
  2 adder zombies
  A worm (D:3)
  7 leopard geckos
  63 orcs
  A ball python (D:2)
  3 bats
  5 giant cockroaches
  7 goblins
  7 hobgoblins
  4 jackals
  9 kobolds
  4 quokkas
  6 frilled lizards
  9 rats
506 creatures vanquished.

Vanquished Creatures (collateral kills)
  2 elephants (Lair:2)
2 creatures vanquished.

Vanquished Creatures (others)
  An orc (Orc:1)
  7 fungi
  2 plants
10 creatures vanquished.

Grand Total: 518 creatures vanquished

Notes
Turn   | Place    | Note
-------+----------+-------------------------------------------
     0 | D:1      | funkygono the Minotaur Fighter began the quest for the Orb.
     0 | D:1      | Reached XP level 1. HP: 19/19 MP: 0/0
   148 | D:1      | Reached XP level 2. HP: 23/27 MP: 1/1
   176 | D:1      | Reached skill level 4 in Shields
   719 | D:2      | Reached XP level 3. HP: 22/34 MP: 2/2
   916 | D:2      | Found an iron altar of Okawaru.
   927 | D:2      | Became a worshipper of Warmaster Okawaru
  1074 | D:2      | Reached XP level 4. HP: 41/41 MP: 3/3
  2021 | D:4      | Found Netziacice's Armour Shop.
  2026 | D:4      | Reached XP level 5. HP: 37/47 MP: 4/4
  2143 | D:4      | Reached * piety under Okawaru
  2143 | D:4      | Reached skill level 5 in Maces & Flails
  2154 | D:4      | Reached skill level 5 in Fighting
  2154 | D:4      | Reached XP level 6. HP: 50/56 MP: 5/5
  2345 | D:4      | Reached skill level 5 in Shields
  2558 | D:5      | Entered Level 5 of the Dungeon
  2726 | D:5      | Reached skill level 5 in Armour
  2726 | D:5      | Reached skill level 1 in Dodging
  2817 | D:5      | Reached XP level 7. HP: 56/61 MP: 6/6
  3317 | D:5      | Found a shadowy altar of Dithmenos.
  3402 | D:5      | Found a staircase to the Ecumenical Temple.
  3411 | Temple   | Entered the Ecumenical Temple
  4119 | D:6      | Found a bloodstained altar of Trog.
  4141 | D:6      | Reached ** piety under Okawaru
  4325 | D:7      | Reached XP level 8. HP: 67/70 MP: 7/7
  4359 | D:7      | Reached skill level 6 in Shields
  4359 | D:7      | Reached skill level 1 in Invocations
  5103 | D:8      | Reached skill level 7 in Shields
  5106 | D:8      | Reached *** piety under Okawaru
  5149 | D:8      | Found a snail-covered altar of Cheibriados.
  5175 | D:8      | Reached XP level 9. HP: 63/78 MP: 1/9
  5347 | D:8      | Found a staircase to the Lair.
  5373 | D:8      | Reached skill level 10 in Maces & Flails
  6514 | D:9      | Reached **** piety under Okawaru
  6518 | D:9      | Reached skill level 8 in Shields
  6532 | D:9      | Reached XP level 10. HP: 87/88 MP: 2/11
  6611 | D:9      | Found a staircase to the Orcish Mines.
  7156 | Lair:1   | Entered Level 1 of the Lair of Beasts
  7186 | Lair:1   | Noticed Nergalle
  7204 | Lair:1   | Killed Nergalle
  7204 | Lair:1   | Reached ***** piety under Okawaru
  7204 | Lair:1   | Reached skill level 9 in Shields
  7736 | Lair:1   | Reached skill level 1 in Stealth
  8207 | Lair:1   | Noticed a spiny frog
  8222 | Lair:1   | Killed a spiny frog
  8222 | Lair:1   | Reached skill level 5 in Invocations
  8236 | Lair:1   | Got an ichor-stained ring mail
  8247 | Lair:1   | Identified the +0 ring mail of Hysteria {*Drain Str+4 Int+2
                  | Dex+2} (You found it on level 1 of the Lair of Beasts)
  8380 | Lair:1   | Received a gift from Okawaru
  8381 | Lair:1   | Found the +15 Maxwell's patent armour {-Cast -Tele rElec
                  | MR+ rCorr}
  8686 | Lair:2   | Reached XP level 11. HP: 95/95 MP: 4/13
  8911 | Lair:2   | Reached skill level 10 in Shields
  8961 | Lair:2   | Noticed an eight-headed hydra
  8979 | Lair:2   | Killed an eight-headed hydra
  9600 | Lair:3   | Reached skill level 11 in Shields
  9911 | Lair:3   | Noticed a six-headed hydra
  9912 | Lair:3   | Found a staircase to the Shoals.
  9951 | Lair:3   | Killed a six-headed hydra
 10033 | Lair:3   | Noticed a catoblepas
 10083 | Lair:3   | Killed a catoblepas
 10083 | Lair:3   | Reached XP level 12. HP: 50/106 MP: 15/15
 10267 | Lair:3   | Noticed Rupert
 10306 | Lair:3   | Killed Rupert
 10306 | Lair:3   | Received a gift from Okawaru
 10306 | Lair:3   | Reached skill level 10 in Fighting
 10306 | Lair:3   | Reached skill level 12 in Shields
 10394 | Lair:3   | Found a hole to the Spider Nest.
 10573 | Lair:4   | Noticed Snorg
 10591 | Lair:4   | Killed Snorg
 10610 | Lair:4   | Got a coiled marble ring
 10611 | Lair:4   | Identified the ring of Zakhuan {Wiz Str+4 Int+10 Dex-2}
                  | (You found it on level 4 of the Lair of Beasts)
 10986 | Lair:4   | Reached skill level 13 in Shields
 11198 | Lair:4   | Found a runed translucent door.
 11198 | Lair:4   | Noticed an alligator
 11199 | Lair:4   | Noticed Xate's ghost (adept MiMo)
 11230 | Lair:4   | Killed an alligator
 11297 | Lair:4   | Killed Xate's ghost
 11339 | Lair:4   | Got a faintly glowing leather armour
 11390 | Lair:4   | Identified the +1 leather armour "Eqiniep" {Int+4} (You
                  | found it on level 4 of the Lair of Beasts)
 11898 | Lair:5   | Noticed Kirke
 11921 | Lair:5   | Killed Kirke
 11921 | Lair:5   | Received a gift from Okawaru
 11921 | Lair:5   | Reached skill level 14 in Shields
 11921 | Lair:5   | Reached XP level 13. HP: 115/115 MP: 10/17
 12022 | Lair:5   | Reached skill level 10 in Armour
 12675 | Lair:6   | Entered Level 6 of the Lair of Beasts
 12917 | Lair:6   | Reached skill level 15 in Shields
 12990 | Lair:6   | Found a viscous altar of Jiyva.
 12991 | Lair:6   | Found a staircase to the Slime Pits.
 13324 | Lair:6   | Found a burning altar of Makhleb.
 13682 | Lair:6   | Found a gateway to Hell.
 13840 | Lair:6   | Reached skill level 16 in Shields
 14338 | Orc:1    | Entered Level 1 of the Orcish Mines
 14419 | Orc:1    | Found a roughly hewn altar of Beogh.
 14438 | Orc:1    | Found a frozen archway.
 14455 | IceCv    | Entered an ice cave
 14486 | IceCv    | Received a gift from Okawaru
 14487 | IceCv    | Got a faintly humming hat {god gift}
 14493 | IceCv    | Identified the +1 hat of Oseirano {Str+4} (Okawaru gifted
                  | it to you in an ice cave)
 14609 | IceCv    | Reached XP level 14. HP: 125/125 MP: 18/18
 15008 | IceCv    | Reached skill level 17 in Shields
 15795 | Orc:1    | Found a roughly hewn altar of Beogh.
 15859 | Orc:2    | Entered Level 2 of the Orcish Mines
 16579 | Orc:2    | Slain by a sun demon

Skill      XL: |  1  2  3  4  5  6  7  8  9 10 11 12 13 14 |
---------------+-------------------------------------------+-----
Shields        | 4 5 7 8 9 11 14 16 17 | 17.9
Fighting       | 4 5 6 7 8 9 10 11 12 | 12.5
Armour         | 4 5 7 8 9 10 | 10.9
Maces & Flails | 3 4 5 6 8 9 11 12 13 14 | 14.9
Dodging        | 1 2 3 |  3.9
Invocations    | 2 3 5 7 8 |  8.0
Stealth        | 1 2 |  2.0
Evocations     | |  0.1

Action                   |  1- 3 |  4- 6 |  7- 9 | 10-12 | 13-15 || total
-------------------------+-------+-------+-------+-------+-------++-------
Melee: Flail             |    93 |   170 |   318 |   739 |   931 ||  2251
       Headbutt          |    15 |    25 |    59 |   162 |   242 ||   503
Invok: Heroism           |       |       |     8 |    18 |    18 ||    44
       Finesse           |       |       |       |     6 |    13 ||    19
Evoke: Wand              |       |       |       |       |     5 ||     5
  Use: Scroll            |     5 |    11 |     6 |     6 |     4 ||    32
       Potion            |       |       |     2 |     2 |     5 ||     9
 Stab: Distracted        |       |       |       |     2 |       ||     2
  Eat: Chunk             |     1 |     6 |    10 |    14 |    13 ||    44
       Ration            |       |       |     1 |     1 |     1 ||     3
Armor: Scale mail        |    44 |       |       |     2 |       ||    46
       Chain mail        |     6 |    37 |       |       |       ||    43
       Ring mail         |       |    21 |    91 |    30 |       ||   142
       Plate armour      |       |       |       |   146 |   170 ||   316
Dodge: Dodged            |    29 |    43 |    72 |   113 |    92 ||   349
Block: Shield            |    52 |    85 |   158 |   132 |       ||   427
       Large shield      |       |       |       |   510 |  1008 ||  1518
       Reflection        |       |       |       |     2 |    10 ||    12
